 Dungeon Crawl Stone Soup version 0.27-a0-1548-gf8a67e7463 (webtiles) character file.

Game seed: 10997725879517347262

2274 robertstho the Thaumaturge (level 9, 0/62 HPs)
             Began as a Djinni Fire Elementalist on July 13, 2021.
             Was an Initiate of Gozag.
             Killed by miscasting Fireball (4 damage)
             ... on level 8 of the Dungeon.
             The game lasted 00:10:42 (9820 turns).

robertstho the Thaumaturge (DjFE)                   Turns: 9820, Time: 00:10:42

Health: 0/62       AC:  2    Str:  7    XL:     9   Next: 65%
Gold:   133        EV: 13    Int: 19    God:    Gozag SH:  0 Dex: 15

rFire    + + .     SeeInvis .   q - +8 Vampire's Tooth {vamp}
rCold    x . .     Faith    .   (no shield)
rNeg     . . .     Spirit   .   a - +0 robe
rPois    ∞         Reflect  .   (no helmet)
rElec    .         Harm     .   (no cloak)
rCorr    .         Rampage  .   (no gloves)
Will     .....                  (boots unavailable)
Stlth    ++........             (no amulet)
HPRegen  0.20/turn              (no ring)
MPRegen  0.00/turn              (no ring)

@: gold aura, flying, very slightly contaminated
A: sickness immunity, fire resistance 2, cold vulnerability 1, float, innate
caster, hp casting, extra vitality 1
a: Renounce Religion, Potion Petition, Call Merchant, Bribe Branch


You were on level 8 of the Dungeon.
You worshipped Gozag.
Gozag was aware of your devotion.
You visited 2 branches of the dungeon, and saw 9 of its levels.

You collected 497 gold pieces.
You spent 253 gold pieces at shops.
You paid 111 gold pieces to Gozag.

Inventory:

Hand Weapons
 b - a +0 dagger
 d - a +0 dagger of speed
 e - a +1 short sword of venom
 q - the +8 Vampire's Tooth (weapon) {vamp}
   (You acquired it on level 7 of the Dungeon)

   It inflicts no extra harm, but heals its wielder when it wounds a living foe.
Missiles
 f - 3 throwing nets
Armour
 a - a +0 robe (worn)
Wands
 r - a wand of charming (9)
Scrolls
 i - a scroll of noise {unknown}
 l - 2 scrolls of blinking
 p - 2 scrolls of teleportation {unknown}
 s - a scroll of fog
 t - a scroll of immolation
 v - a scroll of holy word
Potions
 c - a potion of haste
 g - a potion of berserk rage {unknown}
 h - a potion of brilliance {unknown}
 j - a potion of cancellation {unknown}
 k - 2 potions of degeneration {unknown}
 m - a potion of lignification {unknown}
 n - a potion of attraction
 o - a potion of invisibility
 u - a potion of heal wounds


   Skills:
 * Level 4.1 Fighting
 + Level 1.5 Short Blades
 + Level 3.5 Dodging
 + Level 3.3 Stealth
 * Level 8.3 Spellcasting
 + Level 1.4 Evocations


You couldn't memorise any spells.
You knew the following spells:

 Your Spells              Type           Power      Damage    Failure   Level
a - Foxfire               Conj/Fire      100%       2x1d9     1%          1
b - Conjure Flame         Conj/Fire      39%        6-21      1%          3
c - Inner Flame           Hex/Fire       39%        N/A       1%          3
d - Sticky Flame          Conj/Fire      39%        2d6       3%          4
e - Fireball              Conj/Fire      19%        3d9       9%          5
f - Corona                Hex            43%        N/A       1%          1
g - Wereblood             Tmut           39%        N/A       1%          2
h - Mephitic Cloud        Conj/Pois/Air  39%        N/A       1%          3
i - Passage of Golubria   Tloc           N/A        N/A       3%          4
Your spell library was empty.

Dungeon Overview and Level Annotations

Branches:
Dungeon (8/15)             Temple (1/1) D:6
   Lair: D:8-11

Altars:
Cheibriados
Elyvilon
Fedhas
Gozag
Hepliaklqana
Nemelex Xobeh
Okawaru
Ru
Trog
Uskayaw
Vehumet
Wu Jian
Xom
Yredelemnul
Zin
The Shining One

Shops:
D:4 *   D:6 :   D:7 *=**

Annotations:
D:4 3 runed translucent doors, Laraso's ghost, amateur FeCK


Innate Abilities, Weirdness & Mutations

You are immune to sickness and miasma.
You are immune to poison.
Your flesh is very heat resistant. (rF++)
You are vulnerable to cold. (rC-)
You float through the air rather than walking.
You learn spells naturally, not from books.
Your magical power is your life essence.
You have superior vitality. (+4 HP)


Message History

The fireball explodes!
The fireball engulfs the wyvern!
The wyvern is heavily wounded.
The wyvern is no longer distracted by gold.
The wyvern hisses angrily.
The fireball engulfs the orc wizard!
The orc wizard is almost dead.
The orc wizard is no longer distracted by gold.
* * * LOW HITPOINT WARNING * * *
The orc wizard mumbles some strange words.
The orc wizard flickers and vanishes!
Deactivating autopickup; reactivate with Ctrl-A.
You feel much better. The wyvern barely misses you.
An orc comes into view.
It is wielding a +0 flail and quivering poisoned darts.
The wyvern bites you!
* * * LOW HITPOINT WARNING * * *
Casting: Fireball (dangerous; 9% risk of failure)
Confirm with . or Enter, or press ? or * to list all spells.
Aiming: Sticky Flame (dangerous; 3% risk of failure)
Press: ? - help, Shift-Dir - straight line, f/p - wyvern
Aim: a wyvern (heavily wounded, 100% to hit)
The sticky flame hits the wyvern.
The wyvern is severely wounded.
The wyvern is covered in liquid flames!
* * * LOW HITPOINT WARNING * * *
The wyvern burns!
The wyvern closely misses you.
The wyvern burns!
The wyvern bites you.
* * * LOW HITPOINT WARNING * * *
Your magical contamination has completely faded away.
The wyvern burns!
The wyvern is distracted by your dazzling golden aura.
Casting: Sticky Flame (dangerous; 3% risk of failure)
Confirm with . or Enter, or press ? or * to list all spells.
Aiming: Fireball (dangerous; 9% risk of failure)
Press: ? - help, Shift-Dir - straight line, f/p - wyvern
Aim: a wyvern (almost dead, unaware, covered in liquid flames, hasn't noticed you)
You miscast Fireball.
You are very lightly contaminated with residual magic.
Sparks fly from your hands. You resist.
You die...
Your body crumbles into a pile of gold.

$ ##### #...#
#.#.###.###
#####.#.>......
#.....#@#####.#
#.#####.# #.#
#l# #<# #$# ###
#5# #.# #o. #..
#..


You could see a wyvern (unaware, burning), a shadow imp and an orc.

Vanquished Creatures
  Grinder (D:5)
  2 wyverns (D:8)
  Duvessa (D:7)
  An orc warrior (D:7)
  3 necrophages
  2 centaurs
  A bullfrog (D:6)
  Dowan (D:7)
  A gnoll sergeant (D:6)
  2 scorpions
  A water moccasin zombie (D:5)
  A howler monkey (D:7)
  A centaur zombie (D:8)
  2 centaur skeletons
  A jelly (D:5)
  A bullfrog zombie (D:5)
  4 hounds
  2 orc priests
  3 bullfrog skeletons
  3 iguanas
  3 orc wizards
  4 gnolls (D:6)
  7 adders
  An adder zombie (D:1)
  3 worms
  5 dart slugs
  21 orcs
  5 ball pythons
  11 endoplasms
  2 giant cockroaches
  9 hobgoblins
  4 jackals (D:2)
  6 kobolds
  7 quokkas
  4 bats
  6 frilled lizards
  A giant cockroach zombie (D:1)
  4 goblins
  6 rats
143 creatures vanquished.

Vanquished Creatures (others)
  701 foxfires
701 creatures vanquished.

Grand Total: 844 creatures vanquished

Notes
Turn   | Place    | Note
-------+----------+-------------------------------------------
     0 | D:1      | robertstho the Djinni Fire Elementalist began the quest for
                  | the Orb.
     0 | D:1      | Reached XP level 1. HP: 15/15 MP: 0/0
   399 | D:1      | Reached XP level 2. HP: 19/21 MP: 0/0
   796 | D:1      | Reached skill level 3 in Spellcasting
   797 | D:1      | Reached XP level 3. HP: 6/26 MP: 0/0
   797 | D:1      | Learned a level 1 spell: Corona
  2100 | D:2      | Reached XP level 4. HP: 25/31 MP: 0/0
  2453 | D:2      | Noticed a shining eye
  2457 | D:2      | Noticed a floating eye
  2459 | D:2      | Found a faded altar of an unknown god.
  2469 | D:2      | Noticed a shining eye
  2495 | D:2      | Noticed a golden eye
  3773 | D:3      | Reached skill level 1 in Fighting
  3773 | D:3      | Reached XP level 5. HP: 33/37 MP: 0/0
  3773 | D:3      | Learned a level 2 spell: Wereblood
  3811 | D:3      | Found a glowing golden altar of the Shining One.
  4338 | D:4      | Reached skill level 4 in Spellcasting
  4478 | D:4      | Noticed a necrophage
  4483 | D:4      | Found Kelimel's Elemental Accessories.
  4490 | D:4      | Killed a necrophage
  4491 | D:4      | Reached XP level 6. HP: 33/43 MP: 0/0
  4728 | D:4      | Found a blossoming altar of Fedhas.
  4738 | D:4      | Found a snail-covered altar of Cheibriados.
  4743 | D:4      | Found a hazy altar of Hepliaklqana.
  4747 | D:4      | Found a runed translucent gate.
  4748 | D:4      | Found a runed translucent gate.
  4748 | D:4      | Found an opulent altar of Gozag.
  4749 | D:4      | Found a runed translucent gate.
  4755 | D:4      | Noticed Laraso's ghost (amateur FeCK)
  4819 | D:4      | Noticed a necrophage
  4834 | D:4      | Killed a necrophage
  4835 | D:4      | Reached skill level 5 in Spellcasting
  5268 | D:4      | Reached XP level 7. HP: 47/49 MP: 0/0
  5268 | D:4      | Learned a level 3 spell: Mephitic Cloud
  5691 | D:5      | Entered Level 5 of the Dungeon
  5818 | D:5      | Noticed Grinder
  5829 | D:5      | Paralysed by Grinder for 5 turns
  5835 | D:5      | Killed Grinder
  6093 | D:5      | Reached skill level 6 in Spellcasting
  6153 | D:5      | Reached XP level 8. HP: 17/55 MP: 0/0
  7259 | D:6      | Found Gihias's Book Emporium.
  7784 | D:6      | Reached skill level 1 in Evocations
  7792 | D:6      | Reached skill level 7 in Spellcasting
  7986 | D:6      | Found a staircase to the Ecumenical Temple.
  8217 | Temple   | Entered the Ecumenical Temple
  8651 | Temple   | Became a worshipper of Gozag Ym Sagoz the Greedy
  8708 | D:7      | Found Qeyc Xet's Jewellery Emporium.
  8733 | D:7      | Reached XP level 9. HP: 50/61 MP: 0/0
  8733 | D:7      | Learned a level 4 spell: Passage of Golubria
  8734 | D:7      | Reached skill level 1 in Short Blades
  8847 | D:7      | Found Qyiq's Assorted Antiques.
  8958 | D:7      | Found Effud's Assorted Antiques.
  8965 | D:7      | Found Duetas's General Store.
  8971 | D:7      | Bought a scroll of identify for 26 gold pieces
  8971 | D:7      | Bought 2 potions of heal wounds for 130 gold pieces
  8971 | D:7      | Bought a scroll of holy word for 97 gold pieces
  8973 | D:7      | Identified a scroll of acquirement
  8976 | D:7      | Acquired the +8 Vampire's Tooth {vamp}
  8977 | D:7      | Found the +8 Vampire's Tooth {vamp}
  9287 | D:7      | Noticed Duvessa
  9288 | D:7      | Noticed Dowan
  9299 | D:7      | Killed Duvessa
  9304 | D:7      | Killed Dowan
  9308 | D:7      | Reached skill level 8 in Spellcasting
  9820 | D:8      | Killed by miscasting Fireball

Illustrated notes

Levels and vault maps discovered:
D:1:      saegor_arrival_fortress, layout_rooms, minmay_3d_cube
D:2:      layout_loops_cross, hellmonk_ecumenical_altar_watching_god
D:3:      layout_loops_ring, mainiacjoe_overflow_concentric_impassable
D:4:      layout_basic, nicolae_overflow_hidden_temple, kennysheep_mini,
          ebering_ghost_gozag, amcnicky_mini_corridor_feature,
          nicolae_elemental_shop
D:5:      layout_rooms, uniq_grinder
D:6:      layout_cave_pools, temple_pool_b, serial_shops, nicolae_shop_stone
D:7:      layout_loops_ring, serial_shops, nicolae_diamond_shop,
          nicolae_shop_trees, shop, nicolae_shop_statue_plus,
          grunt_ministairs_10, uniq_duvessa
D:8:      layout_basic, gammafunk_ghost_mausoleum, uniq_erica, uniq_psyche,
          uniq_maurice
Temple:   minmay_temple_forest_path

Skill      XL: |  1  2  3  4  5  6  7  8  9 |
---------------+----------------------------+-----
Spellcasting   | 3 4 5 6 7 8 |  8.3
Fighting       | 1 2 3 4 |  4.1
Stealth        | 2 3 |  3.3
Dodging        | 3 |  3.5
Evocations     | 1 |  1.4
Short Blades   | 1 |  1.5

Action                   |  1- 3 |  4- 6 |  7- 9 || total
-------------------------+-------+-------+-------++-------
Melee: Dagger            |     1 |       |       ||     1
       Short sword       |       |     5 |    15 ||    20
       Quick blade       |       |       |    27 ||    27
 Cast: Foxfire           |   101 |   181 |   149 ||   431
       Sticky Flame      |       |       |    13 ||    13
       Fireball          |       |       |     9 ||     9
Evoke: Wand              |       |       |     9 ||     9
  Use: Scroll            |     2 |     3 |     7 ||    12
       Potion            |       |       |     2 ||     2
 Stab: Sleeping          |       |       |     1 ||     1
Armor: Robe              |     1 |     3 |     9 ||    13
Dodge: Dodged            |     9 |    15 |    56 ||    80

Table legend: (Time is in decaauts)
 A = Elapsed time spent in this place.
 B = Non-inter-level travel time spent in this place.
 C = Inter-level travel time spent in this place.
 D = Time resting spent in this place.
 E = Time spent auto-exploring this place.
 F = Levels seen in this place.
 G = Mean time per level.
                   A        B        C        D        E       F      G
               +--------+--------+--------+--------+--------+-----+--------+
         Total |   9791 |   9486 |    305 |    185 |   8303 |   9 | 1087.9 |
       Dungeon |   9309 |   9094 |    215 |    185 |   7912 |   8 | 1163.6 |
        Temple |    481 |    392 |     89 |      0 |    391 |   1 |  481.0 |
               +--------+--------+--------+--------+--------+-----+--------+

Top non-repeatable levels by time:
     D:1: 2094 daAuts
     D:5: 1749 daAuts
     D:4: 1496 daAuts
     D:2: 1349 daAuts
     D:7: 1036 daAuts
     D:6: 768 daAuts
     D:3: 748 daAuts
  Temple: 481 daAuts
     D:8: 64 daAuts
